 Dungeon Sprint DCSS version 0.30-a0-528-g8c47a4955b (webtiles) character file.

Game seed: 17022285675785343711

4616 rocky1 the Imperceptible (level 10, -1/94 HPs)
             Began as a Kobold Brigand on Dec 23, 2022.
             Was an Initiate of Gozag.
             Slain by a lindwurm (11 damage)
             ... in the Dungeon (Sprint III: "The Ten Rune Challenge").
             The game lasted 00:04:46 (1098 turns).

rocky1 the Imperceptible (Kobold Brigand)           Turns: 1098, Time: 00:04:47

Health: -1/94      AC:  4    Str:  8    XL:     10   Next: 69%
Magic:  20/20      EV: 18    Int: 14    God:    Gozag
Gold:   2200       SH:  0    Dex: 20    Spells: 20/23 levels left

rFire   . . .      SeeInvis .    r - +1 long sword (holy)
rCold   + . .      Faith    .    (no shield)
rNeg    . . .      Spirit   .    v - +1 robe {rC+}
rPois   .          Reflect  .    (no helmet)
rElec   .          Harm     .    c - +0 cloak
rCorr   .          Rampage  .    (no gloves)
Will    .....      NoTele   +    (no boots) Stlth
                                 (no amulet)
HPRegen 0.35/turn                (no ring)
MPRegen 0.17/turn                (no ring)

@: berserking (expiring), gold aura, very quick
A: small, no large weapons, nightstalker 3
a: Renounce Religion, Potion Petition, Call Merchant, Bribe Branch


You were in the Dungeon.
You worshipped Gozag.
Gozag was most pleased with you.
You visited 1 branch You collected 2200 gold pieces.

Inventory:

Hand Weapons
 a - a +2 dagger
 r - a +1 long sword of holy wrath (weapon)
Missiles
 d - 9 poisoned darts (quivered)
 e - 3 curare-tipped darts
Armour
 b - a +0 robe
 c - a +0 cloak (worn)
 t - a +0 leather armour
 v - a +1 robe of cold resistance (worn)
Wands
 p - a wand of charming (3)
Scrolls
 g - 2 scrolls of immolation {unknown}
 k - a scroll of blinking
 l - 3 scrolls of identify
Potions
 f - 2 potions of curing
 h - a potion of haste
 i - 2 potions of magic
 m - 2 potions of flight
 n - 5 potions of mutation
 q - a potion of heal wounds
 s - 2 potions of might
 u - a potion of attraction {unknown}
Miscellaneous
 o - a box of beasts


   Skills:
 + Level 7.0 Fighting
 + Level 10.4 Short Blades
 + Level 5.4 Throwing
 + Level 1.5 Armour
 + Level 5.6 Dodging
 + Level 22.1 Stealth
 * Level 7.0 Spellcasting
 * Level 7.0 Conjurations
 * Level 7.0 Air Magic
 * Level 6.9 Poison Magic


You had 20 spell levels left.
You knew the following spells:

 Your Spells              Type           Power      Damage    Failure   Level
a - Mephitic Cloud        Conj/Pois/Air  24%        N/A       2%          3

Your spell library contained the following spells:

 Spells                   Type           Power      Damage    Failure   Level
 Magic Dart               Conj           96%        1d7       1%          1
 Hailstorm                Conj/Ice       14%        3d5       10%         3
 Freeze                   Ice            16%        1d4       14%         1
 Call Imp                 Summ           4%         N/A       22%         2
 Frozen Ramparts          Ice            8%         1d2       38%         3


Dungeon Overview and Level Annotations

Branches:
Dungeon (1/1)

Altars:
Cheibriados
Dithmenos
Elyvilon
Fedhas
Gozag
Hepliaklqana
Kikubaaqudgha
Makhleb
Nemelex Xobeh
Okawaru
Qazlal
Ru
Sif Muna
Trog
Uskayaw
Vehumet
Wu Jian
Xom
Yredelemnul
Zin
The Shining One
Jiyva
Lugonu


Innate Abilities, Weirdness & Mutations

You are small and have problems with some larger weapons.
You are completely attuned to the shadows.


Message History

You slash the lindwurm!
The lindwurm is lightly wounded.
The redback is no longer distracted by gold.
The lindwurm bites you!
* * * LOW HITPOINT WARNING * * *
The lindwurm misses you. The lindwurm barely misses you.
You feel much better. The lindwurm misses you.
The lindwurm completely misses you. The lindwurm barely misses you.
A red film seems to cover your vision as you go berserk!
You feel yourself moving faster!
You feel mighty! The lindwurm bites you! The lindwurm claws you. x2
You barely miss the lindwurm.
The lindwurm is lightly wounded.
The redback is distracted by your dazzling golden aura.
The lindwurm closely misses you. The lindwurm misses you.
The lindwurm closely misses you.
You slice the lindwurm!!
The lindwurm is heavily wounded.
The lindwurm closely misses you. The lindwurm misses you. x2
You closely miss the lindwurm.
The lindwurm is heavily wounded.
The lindwurm bites you! The lindwurm misses you.
The lindwurm claws you but does no damage.
You hit the lindwurm.
The lindwurm is heavily wounded.
The redback is no longer distracted by gold.
You slash the lindwurm!
The lindwurm is severely wounded.
The lindwurm misses you. The lindwurm claws you.
The lindwurm barely misses you.
You barely miss the lindwurm.
The lindwurm is severely wounded.
The lindwurm breathes flames at you. The blast of flame hits you!!
* * * LOW HITPOINT WARNING * * *
You hit the lindwurm.
The lindwurm is severely wounded.
The lindwurm bites you!
You die...
Your body crumbles into a pile of gold.

+♣♣'♣≈≈≈≈≈≈≈≈≈≈≈≈♣♣P.'
#.~♣♣♣♣♣♣♣♣♣♣♣♣♣♣♣♣PP#
#..♣♣ ♣♣♣# ###'♣
♣♣♣♣.# $ ♣...## $
♣♣.##s ♣..#k## ♣♣.##@#
♣♣.##.# ♣.....#
#######


You could see a lindwurm and a redback.

Vanquished Creatures
  Erolcha (D)
  A deep elf pyromancer (D)
  2 cane toads (D)
  A komodo dragon (D)
  3 wandering mushrooms (D)
  2 tyrant leeches (D)
  A shadow (D)
  3 redbacks (D)
  A spatial vortex (D)
  5 two-headed ogres (D)
  A water elemental (D)
  A necrophage (D)
  Crazy Yiuf (D)
  A jelly (D)
  A wizard (D)
  A necromancer (D)
  3 humans (D)
  A kobold demonologist (D)
  4 rats (D)
34 creatures vanquished.

Notes
Turn   | Place    | Note
-------+----------+-------------------------------------------
     0 | D        | rocky1 the Kobold Brigand began the quest for the Orb.
     0 | D        | Reached XP level 1. HP: 12/12 MP: 1/1
    13 | D        | Reached skill level 6 in Stealth
    42 | D        | Noticed Crazy Yiuf
    45 | D        | Killed Crazy Yiuf
    46 | D        | Reached skill level 8 in Stealth
    46 | D        | Reached XP level 2. HP: 19/19 MP: 2/2
    46 | D        | Reached XP level 3. HP: 23/23 MP: 3/3
    70 | D        | Reached skill level 9 in Stealth
    70 | D        | Reached XP level 4. HP: 28/28 MP: 4/4
   107 | D        | Noticed a water elemental
   110 | D        | Killed a water elemental
   111 | D        | Reached skill level 11 in Stealth
   111 | D        | Reached XP level 5. HP: 33/33 MP: 5/5
   128 | D        | Noticed a shadow
   130 | D        | Killed a shadow
   131 | D        | Reached skill level 5 in Fighting
   131 | D        | Reached skill level 5 in Short Blades
   131 | D        | Reached skill level 14 in Stealth
   131 | D        | Reached XP level 6. HP: 40/40 MP: 6/6
   135 | D        | Reached skill level 15 in Stealth
   137 | D        | Found a blossoming altar of Fedhas.
   137 | D        | Found a stormy altar of Qazlal.
   137 | D        | Found a snail-covered altar of Cheibriados.
   137 | D        | Found a burning altar of Makhleb.
   137 | D        | Found a shimmering altar of Xom.
   138 | D        | Found a hazy altar of Hepliaklqana.
   138 | D        | Found an opulent altar of Gozag.
   138 | D        | Found a sparkling altar of Nemelex Xobeh.
   138 | D        | Found a corrupted altar of Lugonu.
   138 | D        | Found a viscous altar of Jiyva.
   138 | D        | Noticed a spatial vortex
   142 | D        | Killed a spatial vortex
   143 | D        | Reached skill level 16 in Stealth
   143 | D        | Reached XP level 7. HP: 44/44 MP: 7/7
   144 | D        | Became a worshipper of Gozag Ym Sagoz the Greedy
   158 | D        | Found a basalt altar of Yredelemnul.
   158 | D        | Found a shadowy altar of Dithmenos.
   158 | D        | Found a sacrificial altar of Ru.
   161 | D        | Reached skill level 5 in Throwing
   161 | D        | Reached skill level 17 in Stealth
   276 | D        | Found a radiant altar of Vehumet.
   276 | D        | Found a shimmering blue altar of Sif Muna.
   276 | D        | Found an ancient bone altar of Kikubaaqudgha.
   296 | D        | Learned a level 3 spell: Mephitic Cloud
   306 | D        | Found a glowing silver altar of Zin.
   306 | D        | Found a glowing golden altar of the Shining One.
   306 | D        | Found a white marble altar of Elyvilon.
   307 | D        | Noticed a deep elf pyromancer
   309 | D        | Killed a deep elf pyromancer
   310 | D        | Reached skill level 18 in Stealth
   310 | D        | Reached XP level 8. HP: 51/51 MP: 7/12
   351 | D        | Found a hide-covered altar of Uskayaw.
   351 | D        | Found an iron altar of Okawaru.
   351 | D        | Found a bloodstained altar of Trog.
   351 | D        | Found an ornate altar of the Wu Jian Council.
   351 | D        | Noticed a human
   351 | D        | Noticed a human
   354 | D        | Killed a human
   355 | D        | Reached skill level 19 in Stealth
   355 | D        | Killed a human
   415 | D        | Reached XP level 9. HP: 37/55 MP: 14/14
   510 | D        | Noticed a two-headed ogre
   513 | D        | Killed a two-headed ogre
   521 | D        | Noticed a two-headed ogre
   521 | D        | Noticed Erolcha
   523 | D        | Killed a two-headed ogre
   524 | D        | Reached skill level 20 in Stealth
   524 | D        | Killed Erolcha
   525 | D        | Reached skill level 1 in Armour
   525 | D        | Reached skill level 5 in Dodging
   525 | D        | Reached skill level 5 in Spellcasting
   525 | D        | Reached skill level 5 in Conjurations
   525 | D        | Reached skill level 5 in Air Magic
   525 | D        | Reached skill level 5 in Poison Magic
   550 | D        | Reached skill level 21 in Stealth
   558 | D        | Reached XP level 10. HP: 38/61 MP: 14/18
   940 | D        | Noticed a cane toad
   940 | D        | Noticed a komodo dragon
   940 | D        | Noticed a cane toad
   943 | D        | Killed a cane toad
   944 | D        | Killed a cane toad
   945 | D        | Reached skill level 10 in Short Blades
   945 | D        | Killed a komodo dragon
  1061 | D        | Reached skill level 22 in Stealth
  1079 | D        | Noticed a lindwurm
  1098 | D        | Slain by a lindwurm

Illustrated notes

Levels and vault maps discovered:
D:        dungeon_sprint_mu [sprint_mu_entry_cave, sprint_mu_temple_rooms,
          sprint_mu_d1_spiders, sprint_mu_d2_genie, sprint_mu_d3_branching,
          sprint_mu_orc_legion, sprint_mu_elf_gauntlet, sprint_mu_hive_nellie,
          sprint_mu_lair_fedhas, sprint_mu_vaults_butterflies,
          sprint_mu_slime_circle, sprint_mu_swamp_cave, sprint_mu_snake_twists,
          sprint_mu_blade_basic, sprint_mu_crypt_fortress,
          sprint_mu_tomb_spiral, sprint_mu_vestibule_basic,
          sprint_mu_gehenna_hellfire, sprint_mu_dis_giant,
          sprint_mu_tartarus_statrot, sprint_mu_cocytus_islands, sprint_mu_zot1]

Skill      XL: |  1  2  3  4  5  6  7  8  9 10 |
---------------+-------------------------------+-----
Short Blades   | 3 4 5 6 7 8 9 10 | 10.4
Stealth        | 8 9 11 14 16 18 19 21 22 | 22.1
Fighting       | 3 5 6 7 |  7.0
Dodging        | 2 3 4 5 |  5.6
Throwing       | 3 4 5 |  5.4
Spellcasting   | 2 3 5 7 |  7.0
Conjurations   | 2 3 5 7 |  7.0
Air Magic      | 2 3 5 7 |  7.0
Poison Magic   | 2 3 5 6 |  6.9
Armour         | 1 |  1.5

Action                   |  1- 3 |  4- 6 |  7- 9 | 10-12 || total
-------------------------+-------+-------+-------+-------++-------
Melee: Dagger            |    26 |     4 |    44 |    36 ||   110
       Long sword        |       |       |       |    13 ||    13
       Punch             |       |       |       |     3 ||     3
Throw: Dart              |     2 |       |       |       ||     2
 Cast: Mephitic Cloud    |       |       |     1 |       ||     1
  Use: Potion            |     1 |       |     1 |     2 ||     4
 Stab: Sleeping          |     4 |     4 |    10 |     7 ||    25
       Distracted        |       |       |     1 |     1 ||     2
       Confused          |       |       |     1 |       ||     1
Armor: Robe              |     1 |       |       |     8 ||     9
Dodge: Dodged            |    15 |       |    10 |    39 ||    64

Table legend: (Time is in decaauts)
 A = Elapsed time spent in this place.
 B = Non-inter-level travel time spent in this place.
 C = Inter-level travel time spent in this place.
 D = Time resting spent in this place.
 E = Time spent auto-exploring this place.
 F = Levels seen in this place.
 G = Mean time per level.
                   A        B        C        D        E       F      G
               +--------+--------+--------+--------+--------+-----+--------+
         Total |   1078 |   1068 |     10 |    585 |     30 |   1 | 1078.0 |
       Dungeon |   1078 |   1068 |     10 |    585 |     30 |   1 | 1078.0 |
               +--------+--------+--------+--------+--------+-----+--------+

Top non-repeatable levels by time:
       D: 1078 daAuts
